 Dungeon Crawl Stone Soup version 0.23.2-1-ga50397a (webtiles) character file.

Game seed: 2659744088744452343

46 IBeShadow the Bolt Thrower (level 3, -3/23 HPs)
             Began as a Kobold Hunter on Apr 29, 2019.
             Slain by Robin
             ... wielding a +3 short sword of venom
              (4 damage)
             ... on level 2 of the Dungeon.
             The game lasted 00:01:43 (1220 turns).

IBeShadow the Bolt Thrower (Kobold Hunter)          Turns: 1220, Time: 00:01:44

Health: -3/23      AC:  3    Str: 10    XL:     3   Next: 92%
Magic:  3/3        EV: 14    Int: 12    God:
Gold:   47         SH:  0    Dex: 15    Spells: 2/2 levels left

rFire    . . .     SeeInvis .   a - +1 hand crossbow
rCold    . . .     Gourm    .   (shield restricted)
rNeg     . . .     Faith    .   c - +0 leather armour
rPois    .         Spirit   .   (helmet restricted)
rElec    .         Reflect  .   (no cloak)
rCorr    .         Harm     .   (no gloves)
MR       .....                  (no boots)
Stlth    +++.......             (no amulet)
HPRegen  0.07/turn              m - ring of stealth
MPRegen  0.08/turn              (no ring)

@: no status effects
A: small, horns 1, carnivore, deterioration 1, evolution 1
a: no special abilities


You were on level 2 of the Dungeon.
You were very full.

You visited 1 branch of the dungeon, and saw 2 of its levels.

You collected 47 gold pieces.

Inventory:

Hand Weapons
 a - a +1 hand crossbow (weapon)
 b - a +0 short sword
Missiles
 d - 13 bolts (quivered)
Armour
 c - a +0 leather armour (worn)
Jewellery
 m - a ring of stealth (left hand)
Scrolls
 e - a scroll of enchant armour {unknown}
 h - 3 scrolls of identify {unknown}
 i - a scroll of teleportation {unknown}
 k - a scroll of random uselessness {unknown}
 l - a scroll of enchant weapon {unknown}
Potions
 g - a potion of cancellation {unknown}
Comestibles
 f - 4 rations


   Skills:
 + Level 3.0 Fighting
 + Level 2.2 Short Blades
 + Level 5.4 Crossbows
 - Level 2.4 Dodging
 - Level 1.3 Stealth


You had 2 spell levels left.
You didn't know any spells.
Your spell library was empty.

Dungeon Overview and Level Annotations

Branches:
Dungeon (2/15)

Altars:

Annotations:
D:2 Robin


Innate Abilities, Weirdness & Mutations

You are small and have problems with some larger weapons.
You are carnivorous and can eat meat at any time.
You have a pair of small horns on your head.
Your body sometimes deteriorates upon taking damage.
You evolve.


Message History

You shoot a bolt. The bolt hits Robin.
Robin is lightly wounded.
The goblin closely misses you.
Firing (i - inventory)
d - 14 bolts (quivered)
Press: ? - help, Shift-Dir - straight line, f/p - Robin
Aim: Robin, wielding a +3 short sword of venom, wearing a +0 animal skin and wearing a +0 helmet (lightly wounded)
You shoot a bolt. The bolt hits Robin.
Robin is moderately wounded.
Robin hits you with a +3 short sword of venom.
* * * LOW HITPOINT WARNING * * *
The goblin closely misses you.
Robin hits you with a +3 short sword of venom.
* * * LOW HITPOINT WARNING * * *
Okay, then.
It was a potion of mutation.
You feel extremely strange. A pair of horns grows on your head!
You feel yourself wasting away.
You feel nature experimenting on you.
Don't worry, failures die fast.
The goblin closely misses you.
Robin hits you with a +3 short sword of venom.
You die...

. #g ############.# #g
#.......##...# #g
#.#.......... #g
#.#...#.#... #g
#.#.##..#..# #.
#.#.....#..#
#g#######.......#..#####
#()..(g@g..#...........#
##########.#.##.######.#
#.#.##.# .#.#..# .#.#.##
.# #.# .# #.# #.# #.#


You could see Robin and 2 goblins.

Vanquished Creatures
  3 dart slugs
  3 leopard geckos (D:1)
  A ball python (D:1)
  A giant cockroach (D:1)
  10 goblins
  2 hobgoblins (D:1)
  5 frilled lizards (D:1)
  4 kobolds (D:1)
  7 rats (D:1)
36 creatures vanquished.

Notes
Turn   | Place    | Note
-------+----------+-------------------------------------------
     0 | D:1      | IBeShadow the Kobold Hunter began the quest for the Orb.
     0 | D:1      | Reached XP level 1. HP: 12/12 MP: 1/1
    44 | D:1      | Reached skill level 1 in Short Blades
    44 | D:1      | Reached skill level 5 in Crossbows
    44 | D:1      | Reached XP level 2. HP: 16/18 MP: 2/2
   405 | D:1      | Reached XP level 3. HP: 13/22 MP: 3/3
  1207 | D:2      | Noticed Robin
  1219 | D:2      | HP: 1/23 [Robin/+3 short sword of venom (4)]
  1220 | D:2      | Gained mutation: You have a pair of small horns on your
                  | head. [potion of mutation]
  1220 | D:2      | Gained mutation: Your body sometimes deteriorates upon
                  | taking damage. [potion of mutation]
  1220 | D:2      | Gained mutation: You evolve. [potion of mutation]
  1220 | D:2      | Slain by Robin

Skill      XL: |  1  2  3 |
---------------+----------+-----
Short Blades   | 1 2 |  2.2
Crossbows      | 5 |  5.4
Fighting       | 3 |  3.0
Dodging        | |  2.4
Stealth        | |  1.3

Action                   || total
-------------------------++-------
Melee: Short sword       ||    98
 Fire: Hand crossbow     ||    14
  Use: Potion            ||     1
 Stab: Sleeping          ||     2
  Eat: Chunk             ||     8
Armor: Leather armour    ||    21
Dodge: Dodged            ||    77
